 Dungeon Crawl Stone Soup version 0.30-a0-528-g8c47a4955b (webtiles) character file.

Game seed: 11386916013250924034

805 PyroL the Changer (level 7, -3/43 HPs)
             Began as an Octopode Transmuter on Dec 23, 2022.
             Was an Initiate of Gozag.
             Slain by Duvessa
             ... wielding a +0 rapier
              (11 damage)
             ... on level 5 of the Dungeon.
             The game lasted 00:09:59 (4831 turns).

PyroL the Changer (Octopode Transmuter)             Turns: 4831, Time: 00:10:00

Health: -3/43      AC:  2    Str:  9    XL:     7   Next: 91%
Magic:  7/10       EV: 22    Int: 17    God:    Gozag
Gold:   206        SH:  0    Dex: 18    Spells: 4/10 levels left

rFire   . . .      SeeInvis .      - Unarmed
rCold   . . .      Faith    .    (shield currently unavailable)
rNeg    . . .      Spirit   .    (helmet currently unavailable)
rPois   x          Reflect  .    (no amulet)
rElec   .          Harm     .    l - ring of willpower
rCorr   .          Rampage  .    (no ring)
Will    +....                    (no ring)
Stlth   ++                       (no ring)
HPRegen 0.27/turn                (no ring)
MPRegen 0.12/turn                (no ring)
                                 (no ring)
                                 (no ring)

@: spider-form
A: venomous fangs, almost no armour, (amphibious), 8 rings, tiny, (camouflage
1), (gelatinous body 1), (nimble swimmer 1), (tentacles)
a: End Transformation, Renounce Religion, Potion Petition, Call Merchant, Bribe
Branch


You were on level 5 of the Dungeon.
You worshipped Gozag.
Gozag was aware of your devotion.
You were a venomous arachnid creature.
You visited 2 branches of the dungeon, and saw 6 of its levels.

You collected 288 gold pieces.
You paid 82 gold pieces to Gozag.

Inventory:

Missiles
 b - 6 boomerangs
Jewellery
 l - a ring of willpower (left front leg)
 x - an amulet of regeneration
Wands
 a - a wand of flame (17)
 q - a wand of roots (15)
Scrolls
 c - a scroll of blinking {unknown}
 d - a scroll of fog {unknown}
 e - a scroll of poison {unknown}
 g - a scroll of immolation {unknown}
 h - a scroll of magic mapping {unknown}
 i - a scroll of summoning {unknown}
 j - a scroll of torment {unknown}
 n - 4 scrolls of identify
 o - 2 scrolls of teleportation
 r - a scroll of fear {unknown}
 v - a scroll of silence {unknown}
 w - a scroll of acquirement {unknown}
Potions
 k - a potion of mutation
 m - a potion of haste {unknown}
 p - a potion of might {unknown}
 s - a potion of brilliance {unknown}
 t - a potion of cancellation {unknown}
 u - 2 potions of invisibility {unknown}


   Skills:
 + Level 1.2 Fighting
 - Level 5.0 Dodging
 + Level 3.1 Unarmed Combat
 - Level 2.0 Spellcasting
 - Level 6.8 Transmutations
 - Level 3.0 Poison Magic


You had 4 spell levels left.
You knew the following spells:

 Your Spells              Type           Power      Damage    Failure   Level
a - Beastly Appendage     Tmut           48%        N/A       6%          1
b - Wereblood             Tmut           24%        N/A       8%          2
c - Spider Form           Tmut/Pois      18%        N/A       21%         3

Your spell library contained the following spells:

 Spells                   Type           Power      Damage    Failure   Level
 Ice Form                 Ice/Tmut       13%        N/A       65%         4


Dungeon Overview and Level Annotations

Branches:
Dungeon (5/15)             Temple (1/1) D:5

Altars:
Ashenzari
Cheibriados
Elyvilon
Gozag
Hepliaklqana
Nemelex Xobeh
Okawaru
Qazlal
Ru
Sif Muna
Uskayaw
Vehumet
Yredelemnul
Zin
The Shining One

Shops:
D:1 =[?

Annotations:
D:3 1 runed translucent door, Crazy Yiuf
D:5 exclusion: steam dragon, Duvessa


Innate Abilities, Weirdness & Mutations

You are a venomous arachnid creature.
You have poisonous fangs.
You are tiny and dextrous.
Your spellcasting is less reliable in this form.
Your armour is entirely melded.
You are incapable of wielding weapons or throwing items.
You cannot wear most types of armour.
((You are amphibious.))
You can wear up to eight rings at the same time.
((Your skin changes colour to match your surroundings (Stealth+).))
((Your rubbery body absorbs attacks. (AC +1, EV +1)))
((You are camouflaged when in or above water. (Stealth+)))
((You have tentacles for arms and can constrict up to eight enemies at once.))


Message History

Duvessa closely misses you.
You hit Duvessa.
Duvessa is moderately wounded.
Duvessa closely misses you.
You hit Duvessa but do no damage.
Duvessa looks as sick as possible!
Duvessa is moderately wounded.
Duvessa completely misses you. Duvessa closely misses you.
Duvessa barely misses you. Duvessa attacks as you move away!
Duvessa closely misses you.
Your transformation has ended.
Duvessa misses you. Duvessa attacks as you move away!
Duvessa hits you with a +0 rapier. Duvessa hits you with a +0 rapier!
* * * LOW HITPOINT WARNING * * *
You completely miss Duvessa. You grab Duvessa.
Duvessa is severely wounded.
You constrict Duvessa. Duvessa closely misses you.
Casting: Spider Form (dangerous; 8% risk of failure)
Confirm with . or Enter, or press ? or * to list all spells.
You turn into a venomous arachnid creature.
You lose your grip on Duvessa.
Duvessa barely misses you. Duvessa hits you with a +0 rapier!
* * * LOW HITPOINT WARNING * * *
You hit Duvessa but do no damage.
Duvessa is severely wounded.
Duvessa misses you. Duvessa completely misses you.
Duvessa completely misses you.
Duvessa rages.
Duvessa rages.
Duvessa completely misses you. Duvessa hits you with a +0 rapier!
* * * LOW HITPOINT WARNING * * *
You barely miss Duvessa.
Duvessa is severely wounded.
Duvessa misses you.
Unknown command.
You feel better. Duvessa closely misses you. Duvessa hits you with a +0 rapier!
You die...
Your body crumbles into a pile of gold.

....... ###....... #..
.......... #.. .......
#$. ...... #.# #...# ##
#.# #...###.... #.#
#s......... #$#
#e......... #.#
#.......... #.#
#.......... #.#
#..........
#.####..........#. ##
#.................####.
#.......####...#.......
#......................


You could see Duvessa (berserk, fast, very poisoned).

Vanquished Creatures
  Grinder (D:4)
  Prince Ribbit (D:5)
  A centaur (D:5)
  Dowan (D:5)
  An orc priest (D:4)
  A hound (D:4)
  2 jellies (D:5)
  2 orc wizards (D:4)
  Robin (D:4)
  3 adders
  3 gnolls (D:4)
  3 dart slugs
  6 orcs
  8 ball pythons
  5 bats
  6 endoplasms
  3 giant cockroaches
  7 hobgoblins
  4 jackals
  5 kobolds
  3 quokkas
  3 frilled lizards
  16 goblins
  7 rats
93 creatures vanquished.

Notes
Turn   | Place    | Note
-------+----------+-------------------------------------------
     0 | D:1      | PyroL the Octopode Transmuter began the quest for the Orb.
     0 | D:1      | Reached XP level 1. HP: 13/13 MP: 3/3
    60 | D:1      | Reached skill level 1 in Poison Magic
   135 | D:1      | Reached XP level 2. HP: 18/18 MP: 3/5
   139 | D:1      | Learned a level 2 spell: Wereblood
   164 | D:1      | Found Ingisopn's Jewellery Boutique.
   585 | D:1      | Found Ykkamn's Magic Scroll Shop.
   586 | D:1      | Found Hicieden's Armour Emporium.
   598 | D:1      | Reached XP level 3. HP: 18/23 MP: 4/6
   713 | D:2      | Found a hide-covered altar of Uskayaw.
  1235 | D:2      | Reached skill level 3 in Transmutations
  1667 | D:3      | Reached XP level 4. HP: 28/28 MP: 2/7
  2204 | D:3      | Found a runed translucent door.
  2205 | D:3      | Noticed Crazy Yiuf
  2524 | D:4      | Noticed Robin
  2538 | D:4      | Killed Robin
  2539 | D:4      | Reached skill level 4 in Transmutations
  2683 | D:4      | Reached XP level 5. HP: 24/33 MP: 6/8
  2983 | D:4      | Noticed Grinder
  3125 | D:4      | Learned a level 3 spell: Spider Form
  3176 | D:4      | Reached skill level 5 in Transmutations
  3382 | D:4      | Reached XP level 6. HP: 37/38 MP: 3/9
  3522 | D:4      | Killed Grinder
  3523 | D:4      | Reached skill level 6 in Transmutations
  3523 | D:4      | Reached XP level 7. HP: 6/43 MP: 7/10
  3841 | D:5      | Entered Level 5 of the Dungeon
  3856 | D:5      | Found a staircase to the Ecumenical Temple.
  3900 | D:5      | HP: 2/43 [centaur (1)]
  3909 | Temple   | Entered the Ecumenical Temple
  3909 | Temple   | Found a transporter.
  3909 | Temple   | Found a transporter.
  4053 | Temple   | Found a transporter.
  4053 | Temple   | Found a transporter.
  4066 | Temple   | Became a worshipper of Gozag Ym Sagoz the Greedy
  4286 | D:5      | Found a hazy altar of Hepliaklqana.
  4348 | D:5      | Noticed Prince Ribbit
  4364 | D:5      | Killed Prince Ribbit
  4610 | D:5      | Noticed a steam dragon
  4610 | D:5      | Found a faded altar of an unknown god.
  4611 | D:5      | Found the Hermit's Pendant {Faith Invo=14 Evo=0 MP+5}
  4798 | D:5      | Noticed Dowan
  4800 | D:5      | Noticed Duvessa
  4808 | D:5      | Killed Dowan
  4809 | D:5      | Reached skill level 5 in Dodging
  4829 | D:5      | HP: 1/43 [Duvessa/+0 rapier (14)]
  4831 | D:5      | Slain by Duvessa

Illustrated notes

Levels and vault maps discovered:
D:1:      matt_arrival_refuge, layout_rooms, serial_curves, eino_curves_02,
          eino_curves_04, serial_shops, nicolae_shop_hallway_stairs, shop,
          nicolae_shop_temple_entry_statues_fountains
D:2:      layout_basic, basic_altar
D:3:      layout_rooms, minmay_diced_spiral, uniq_crazy_yiuf_cottage
D:4:      layout_loops_ring, uniq_grinder, uniq_robin
D:5:      layout_basic, mainiacjoe_overflow_alcove_4, temple_fountains,
          hellmonk_guarded_unrand_hermit, uniq_duvessa, uniq_prince_ribbit1
Temple:   hellmonk_temple_divided_pantheon

Skill      XL: |  1  2  3  4  5  6  7 |
---------------+----------------------+-----
Poison Magic   | 1 2 3 |  3.0
Transmutations | 3 4 5 6 |  6.8
Dodging        | 5 |  5.0
Fighting       | |  1.2
Unarmed Combat | |  3.1
Spellcasting   | |  2.0

Action                   |  1- 3 |  4- 6 |  7- 9 || total
-------------------------+-------+-------+-------++-------
Melee: Unarmed           |    83 |   116 |    46 ||   245
       Constrict         |    25 |    21 |     1 ||    47
       Tentacles         |    17 |    14 |       ||    31
       Kick              |    14 |    27 |       ||    41
       Punch             |     1 |     1 |       ||     2
 Cast: Beastly Appendage |    31 |    17 |       ||    48
       Wereblood         |     2 |     6 |       ||     8
       Spider Form       |       |     4 |     8 ||    12
  Use: Scroll            |     1 |     3 |       ||     4
       Potion            |       |     1 |     1 ||     2
 Stab: Sleeping          |     5 |     3 |       ||     8
Armor: Skin              |     3 |    11 |     1 ||    15
Dodge: Dodged            |    51 |    49 |    53 ||   153

Table legend: (Time is in decaauts)
 A = Elapsed time spent in this place.
 B = Non-inter-level travel time spent in this place.
 C = Inter-level travel time spent in this place.
 D = Time resting spent in this place.
 E = Time spent auto-exploring this place.
 F = Levels seen in this place.
 G = Mean time per level.
                   A        B        C        D        E       F      G
               +--------+--------+--------+--------+--------+-----+--------+
         Total |   4815 |   4696 |    119 |    718 |   3175 |   6 |  802.5 |
       Dungeon |   4635 |   4516 |    119 |    576 |   3174 |   5 |  927.0 |
        Temple |    179 |    179 |      0 |    142 |      1 |   1 |  179.0 |
               +--------+--------+--------+--------+--------+-----+--------+

Top non-repeatable levels by time:
     D:4: 1445 daAuts
     D:2: 952 daAuts
     D:5: 808 daAuts
     D:3: 777 daAuts
     D:1: 652 daAuts
  Temple: 179 daAuts
